 Dungeon Crawl Stone Soup version 0.28-a0-1190-g77e1c55843 (webtiles) character file.

Game seed: 1156106524510091681

37 mandarbmax the Digger (level 3, 0/24 HPs)
             Began as a Human Wanderer on Dec 18, 2021.
             Succumbed to an adder's poison
             ... on level 2 of the Dungeon.
             The game lasted 00:03:21 (2170 turns).

mandarbmax the Digger (Human Wanderer)              Turns: 2170, Time: 00:03:22

Health: 0/24       AC:  2    Str: 11 (12) XL:     3   Next: 62%
Magic:  4/4        EV: 11    Int: 14 (15) God:
Gold:   46         SH:  0    Dex: 10 (11) Spells: 3/4 levels left

rFire   . . .      SeeInvis .   a - +0 club
rCold   . . .      Faith    .   (no shield)
rNeg    . . .      Spirit   .   d - +0 robe
rPois   .          Reflect  .   (no helmet)
rElec   .          Harm     .   (no cloak)
rCorr   .          Rampage  .   (no gloves)
Will    .....                   (no boots)
Stlth   +.........              (no amulet)
HPRegen 0.08/turn               (no ring)
MPRegen 0.09/turn               (no ring)

@: lethally poisoned (0 -> -7)
A: no striking features
a: no special abilities


You were on level 2 of the Dungeon.
You visited 1 branch of the dungeon, and saw 2 of its levels.

You collected 46 gold pieces.

Inventory:

Hand Weapons
 a - a +0 club (weapon)
Armour
 d - a +0 robe (worn)
Wands
 b - a wand of flame (6)


   Skills:
 - Level 1.1 Armour
 - Level 1.0 Unarmed Combat
 - Level 1.0 Spellcasting
 + Level 5.0 Earth Magic
 - Level 1.0 Invocations
 - Level 2.0 Evocations


You had 3 spell levels left.
You knew the following spells:

 Your Spells              Type           Power      Damage    Failure   Level
a - Sandblast             Erth           28%        2d8       3%          1

Your spell library contained the following spells:

 Spells                   Type           Power      Damage    Failure   Level
 Passwall                 Tmut/Erth      5%         N/A       14%         2
 Animate Armour           Summ/Erth      14%        N/A       67%         4


Dungeon Overview and Level Annotations

Branches:
Dungeon (2/15)

Altars:


Message History

You miss the adder.
The adder is moderately wounded.
The adder bites you but does no damage. The adder bites you.
It was a potion of degeneration.
There was something very wrong with that liquid.
You feel weakened.
You feel dopey.
You feel clumsy. The adder bites you but does no damage.
You hit the adder.
The adder is moderately wounded.
The adder bites you. x2
* * * LOW HITPOINT WARNING * * *
You are poisoned.
The adder poisons you!
You feel better. The adder closely misses you.
As you read the scroll labelled RULYLLUUTT, it crumbles to dust.
It is a scroll of identify.
You don't have any unidentified items.
The adder bites you.
Unknown command.
You barely miss the adder.
The adder is moderately wounded.
The adder bites you.
You are poisoned.
The adder poisons you! The adder closely misses you.
You closely miss the adder.
The adder is moderately wounded.
* * * LOW HITPOINT WARNING * * *
You feel very sick. The adder closely misses you. The adder bites you.
* * * LOW HITPOINT WARNING * * *
You are more poisoned.
The adder poisons you!
Unknown command.
You hit the adder.
The adder is heavily wounded.
* * * LOW HITPOINT WARNING * * *
You feel sick. The adder closely misses you.
You closely miss the adder.
The adder is heavily wounded.
You die...

###############
.............>#
######..#####.# #
######..##.##.# ..
..........#.#.#######
##.#
#.####...###....@Sr.#
....# #.#
#..#.#.#.#####†#
#...## #.# #........#
##.##.....## #.#
#.###.####
#.........[. #.# #.#
#.# #..........#. #.#
#.# #.# #.....#.>.##
#.# #.# # #
#.....##.## #.##..
##...## ## #.##.#
##.##


You could see an adder and a rat.

Vanquished Creatures
  2 dart slugs (D:1)
  A ball python (D:1)
  5 endoplasms (D:1)
  A giant cockroach (D:1)
  2 goblins (D:1)
  3 hobgoblins (D:1)
  2 jackals (D:1)
  2 quokkas (D:1)
  2 bats
  3 frilled lizards (D:1)
  4 kobolds
  3 rats
30 creatures vanquished.

Notes
Turn   | Place    | Note
-------+----------+-------------------------------------------
     0 | D:1      | mandarbmax the Human Wanderer began the quest for the Orb.
     0 | D:1      | mandarbmax set off with the following items: a +0 club, a
                  | wand of flame (6), 21 stones, a +0 robe, a potion of
                  | curing; and the following spell memorised: Sandblast; and
                  | the following spells available to memorise: Passwall,
                  | Animate Armour
     0 | D:1      | Reached XP level 1. HP: 13/13 MP: 2/2
   115 | D:1      | Reached XP level 2. HP: 8/19 MP: 0/3
   748 | D:1      | Reached XP level 3. HP: 22/24 MP: 4/4
   918 | D:1      | Found a faded altar of an unknown god.
  2013 | D:2      | Reached skill level 5 in Earth Magic
  2170 | D:2      | Succumbed to an adder's poison

Illustrated notes

Levels and vault maps discovered:
D:1:      dpeg_arrival_windows_large_door, layout_rooms,
          dreamdust_ecumenical_altar_hidden_monk_grotto
D:2:      minmay_spotlight, layout_loops_ring, hangedman_decor_diamond_cutter,
          kennysheep_pointless_box, uniq_natasha

Skill      XL: |  1  2  3 |
---------------+----------+-----
Earth Magic    | 5 |  5.0
Armour         | |  1.1
Unarmed Combat | |  1.0
Spellcasting   | |  1.0
Invocations    | |  1.0
Evocations     | |  2.0

Action                   || total
-------------------------++-------
Melee: Club              ||    85
 Cast: Sandblast         ||    23
  Use: Potion            ||     2
       Scroll            ||     1
Armor: Robe              ||    16
Dodge: Dodged            ||    71

Table legend: (Time is in decaauts)
 A = Elapsed time spent in this place.
 B = Non-inter-level travel time spent in this place.
 C = Inter-level travel time spent in this place.
 D = Time resting spent in this place.
 E = Time spent auto-exploring this place.
 F = Levels seen in this place.
 G = Mean time per level.
                   A        B        C        D        E       F      G
               +--------+--------+--------+--------+--------+-----+--------+
         Total |   2197 |   2102 |     95 |    786 |    997 |   2 | 1098.5 |
       Dungeon |   2197 |   2102 |     95 |    786 |    997 |   2 | 1098.5 |
               +--------+--------+--------+--------+--------+-----+--------+

Top non-repeatable levels by time:
     D:1: 2049 daAuts
     D:2: 147 daAuts
